 Dungeon Crawl Stone Soup version 0.24.0-13-gcf9b319 (webtiles) character file.

Game seed: 8049179235978085544, levelgen mode: deterministic

228 Fang the Covered (level 6, -1/39 HPs)
             Began as a Gargoyle Fighter on Dec 20, 2019.
             Killed by nerve-wracking pain
             ... invoked by an orc priest
              (7 damage)
             ... on level 3 of the Dungeon.
             The game lasted 00:01:52 (1443 turns).

Fang the Covered (Gargoyle Fighter)                 Turns: 1443, Time: 00:01:52

Health: -1/39      AC: 16    Str: 27    XL:     6   Next: 2%
Magic:  6/6        EV:  5    Int:  8    God:
Gold:   107        SH: 10    Dex:  9    Spells: 5/5 levels left

rFire    . . .     SeeInvis .   a - +0 war axe
rCold    . . .     Gourm    .   B - +0 shield
rNeg     + . .     Faith    .   b - +0 plate armour
rPois    ∞         Spirit   .   (no helmet)
rElec    +         Reflect  .   (no cloak)
rCorr    .         Harm     .   (no gloves)
MR       .....                  (no boots)
Stlth    ..........             (no amulet)
HPRegen  0.13/turn              (no ring)
MPRegen  0.10/turn              (no ring)

@: mighty
A: negative energy resistance 1, electricity resistance, unbreathing,
petrification resistance, rot immunity, AC +4
a: no special abilities


You were on level 3 of the Dungeon.
You were not hungry.

You visited 1 branch of the dungeon, and saw 3 of its levels.

You collected 107 gold pieces.

Inventory:

Hand Weapons
 a - a +0 war axe (weapon)
Armour
 b - a +0 plate armour (worn)
 B - a +0 shield (worn)
Jewellery
 m - an uncursed ring of positive energy {unknown}
Scrolls
 e - 5 scrolls of identify {unknown}
 i - a scroll of enchant armour {unknown}
 j - 2 scrolls of fear {unknown}
 l - 2 scrolls of remove curse {unknown}
 o - a scroll of fog {unknown}
 q - a scroll of teleportation {unknown}
Potions
 f - 2 potions of agility {unknown}
 g - a potion of resistance {unknown}
 k - 2 potions of mutation {unknown}
 n - 2 potions of curing {unknown}
 p - a potion of magic {unknown}
Comestibles
 c - 6 rations
 h - 12 chunks of flesh


   Skills:
 + Level 4.5 Fighting
 + Level 3.1 Axes
 + Level 4.5 Armour
 + Level 4.5 Shields


You had 5 spell levels left.
You didn't know any spells.
Your spell library was empty.

Dungeon Overview and Level Annotations

Branches:
Dungeon (3/15)

Altars:


Innate Abilities, Weirdness & Mutations

You are resistant to torment.
Your stone body is resilient. (AC +4)
You are immune to poison.
You resist negative energy. (rN+)
You are resistant to electric shocks. (rElec)
You can survive without breathing.
You are immune to petrification.
You are immune to rotting.


Message History

The orc priest hits you but does no damage.
You slash the orc priest!
The orc priest is almost dead.
A bat comes into view.
The orc priest mumbles some strange prayers to Beogh against you.
Beogh smites you!
* * * LOW HITPOINT WARNING * * *
The orc priest completely misses you.
The bat moves out of view.
You barely miss the orc priest.
The orc priest is almost dead.
You block the orc priest's attack.
You barely miss the orc priest.
The orc priest is almost dead.
The orc priest hits you but does no damage.
Your shield and plate armour prevent you from hitting the orc priest.
The orc priest is almost dead.
You block the orc priest's attack.
The orc priest mumbles some strange prayers to Beogh against you.
Pain shoots through your body!
You die...

....... .....#
#....### ......
##....# ####...b.
#.....o)## #...@[###
.#
.###......##..###..#
#...................#
#..##..##..##........
#.. ##.#.#.######...#
#...##..............#
# #....##.######.#.#
# ###..# .# #.#.# #
#..# [# #÷#.## #


You could see an orc priest and a bat.

Vanquished Creatures
  A hound (D:3)
  An orc priest (D:3)
  An orc wizard (D:3)
  Jessica (D:3)
  5 adders
  3 worms
  2 dart slugs (D:1)
  A leopard gecko (D:1)
  2 orcs (D:3)
  8 goblins
  6 hobgoblins
  6 jackals
  A ball python (D:1)
  4 bats
  5 frilled lizards
  5 kobolds
  6 rats
58 creatures vanquished.

Notes
Turn   | Place    | Note
-------+----------+-------------------------------------------
     0 | D:1      | Fang the Gargoyle Fighter began the quest for the Orb.
     0 | D:1      | Reached XP level 1. HP: 14/14 MP: 1/1
   133 | D:1      | Reached XP level 2. HP: 15/19 MP: 2/2
   340 | D:1      | Reached XP level 3. HP: 23/23 MP: 3/3
   675 | D:2      | Reached XP level 4. HP: 29/29 MP: 4/4
  1420 | D:3      | Noticed Jessica
  1429 | D:3      | Killed Jessica
  1429 | D:3      | Reached XP level 5. HP: 19/33 MP: 5/5
  1438 | D:3      | Reached XP level 6. HP: 18/39 MP: 6/6
  1443 | D:3      | Killed from afar by an orc priest

Levels and vault maps discovered:
D:1:      lemuel_arrival_room, layout_basic, chequers_serial_rivers_micro_c
D:2:      layout_basic, first_ration
D:3:      layout_loops_ring, uniq_ijyb, uniq_jessica, uniq_terence

Skill      XL: |  1  2  3  4  5 |
---------------+----------------+-----
Axes           | 2 3 |  3.1
Fighting       | 4 |  4.5
Shields        | 4 |  4.5
Armour         | 4 |  4.5

Action                   |  1- 3 |  4- 6 || total
-------------------------+-------+-------++-------
Melee: War axe           |    92 |   142 ||   234
  Use: Potion            |       |     1 ||     1
  Eat: Chunk             |       |     2 ||     2
Armor: Scale mail        |    19 |       ||    19
       Plate armour      |    50 |   135 ||   185
Dodge: Dodged            |    17 |    24 ||    41
Block: Shield            |    59 |   103 ||   162
